 Dungeon Crawl Stone Soup version 0.29.0-5-ge4962eb29e (webtiles) character file.

Game seed: 14500097410659272081

32 ProzacElf the Sneak (level 3, -1/26 HPs)
             Began as a Ghoul Fire Elementalist on Aug 29, 2022.
             Slain by an adder (4 damage)
             ... on level 2 of the Dungeon.
             The game lasted 00:03:19 (1503 turns).

ProzacElf the Sneak (Ghoul Fire Elementalist)       Turns: 1503, Time: 00:03:21

Health: -1/26      AC:  2    Str: 11 (13) XL:     3   Next: 27%
Magic:  2/4        EV: 12    Int:  7 (10) God:
Gold:   88         SH:  0    Dex:  8 (9)  Spells: 4/5 levels left

rFire   . . .      SeeInvis .   a - +0 whip (elec)
rCold   + . .      Faith    .   (no shield)
rNeg    + + +      Spirit   .   c - +0 robe
rPois   ∞          Reflect  .   (no helmet)
rElec   .          Harm     .   (no cloak)
rCorr   .          Rampage  .   (no gloves)
Will    .....                   (no boots)
Stlth   ++........              (no amulet)
HPRegen 0.00/turn               (no ring)
MPRegen 0.09/turn               (no ring)

@: attractive, inhibited regen
A: claws 1, cold resistance 1, negative energy resistance 3, inhibited
regeneration, torment resistance 2, devour on kill
a: no special abilities


You were on level 2 of the Dungeon.
You visited 1 branch of the dungeon, and saw 2 of its levels.

You collected 88 gold pieces.

Inventory:

Hand Weapons
 a - a +0 whip of electrocution (weapon)
 b - a +0 spear
Missiles
 e - 9 poisoned darts (quivered)
Armour
 c - a +0 robe (worn)
Scrolls
 d - a scroll of noise {unknown}
 f - 2 scrolls of magic mapping {unknown}
 m - 2 scrolls of identify {unknown}
Potions
 h - a potion of degeneration
 i - a potion of lignification {unknown}
 j - 2 potions of magic
 k - 2 potions of curing {unknown}
 l - a potion of invisibility {unknown}


   Skills:
 + Level 2.6 Dodging
 + Level 3.3 Stealth
 - Level 1.7 Spellcasting
 - Level 0.7 Conjurations
 - Level 2.4 Fire Magic


You had 4 spell levels left.
You knew the following spells:

 Your Spells              Type           Power      Damage    Failure   Level
a - Foxfire               Conj/Fire      8%         2x1d4     21%         1

Your spell library contained the following spells:

 Spells                   Type           Power      Damage    Failure   Level
 Scorch                   Fire           6%         2d5       22%         2
 Magic Dart               Conj           4%         1d3       30%         1
 Static Discharge         Conj/Air       1%         3-4/arc   45%         2
 Call Imp                 Summ           0%         N/A       52%         2
 Ensorcelled Hibernation  Hex/Ice        0%         N/A       52%         2
 Passwall                 Tmut/Erth      0%         N/A       52%         2
 Conjure Flame            Conj/Fire      2%         6-21      52%         3
 Inner Flame              Hex/Fire       2%         N/A       58%         3
 Mephitic Cloud           Conj/Pois/Air  0%         N/A       71%         3
 Stone Arrow              Conj/Erth      2%         3d7       71%         3
 Swiftness                Air            0%         N/A       75%         3
 Flame Wave               Conj/Fire      2%         2d4       90%         4
 Animate Armour           Summ/Erth      0%         N/A       98%         4
 Lightning Bolt           Conj/Air       0%         1d11      100%        5
 Lehudib's Crystal Spear  Conj/Erth      0%         10d2      100%        8
 Maxwell's Capacitive Co  Air            0%         ∞         100%        8


Dungeon Overview and Level Annotations

Branches:
Dungeon (2/15)

Altars:


Innate Abilities, Weirdness & Mutations

You are immune to poison.
You have sharp fingernails.
Your flesh is cold resistant. (rC+)
You are immune to negative energy. (rN+++)
You do not regenerate when monsters are visible.
You are immune to unholy pain and torment.
You thrive by killing the living.


Message History

Ye take 3 damage, an' haf 10/26 hp.
Ye closely miss tha adder.
Tha adder be heavily wounded.
Tha adder closely misses ye.
Ye barely miss tha adder.
Tha adder be heavily wounded.
Tha adder barely misses ye.
Tha adder bites ye but does nay damage.
Ye barely miss tha adder.
Tha adder be heavily wounded.
Tha adder misses ye.
Castin': Foxfire (safe; 17% risk o' failure) Confirm wit' . or Enter, or press ? or * ta list all spells.
Ye conjure some foxfire!
Tha adder bites ye.
* * * LOW HITPOINT WARNIN'
* * * Ye take 3 damage, an' haf 7/26 hp.
Ye now haf 3/4 mp.
Yer foxfire dissipates!
Tha adder bites ye.
* * * LOW HITPOINT WARNIN'
* * * Ye see 'ere 6 gold pieces.
Ye take 2 damage, an' haf 5/26 hp.
Ye barely miss tha adder.
Tha adder be heavily wounded.
Tha adder bites ye.
* * * LOW HITPOINT WARNIN'
* * * Ye take 1 damage, an' haf 4/26 hp.
Castin': Foxfire (safe; 17% risk o' failure) Confirm wit' . or Enter, or press ? or * ta list all spells.
Ye conjure some foxfire!
Tha adder bites ye.
* * * LOW HITPOINT WARNIN'
* * * Ye take 1 damage, an' haf 3/26 hp.
Ye now haf 2/4 mp.
Yer foxfire dissipates!
Tha adder bites ye but does nay damage.
It was a potion o' degeneration.
Thar was somethin' very wrong wit tha liquid.
Ye feel weaken'd.
Ye feel dopey.
Ye feel clumsy.
Tha adder bites ye but does nay damage.
It was a potion o' attraction.
Ye feel attractive ta monsters.
Tha adder bites ye.
Ye die...

##################
#.................
#.################
#.# #.# #.# #.#
#.# #@# #S# #.#
#.# #.# #.. ###


You could see an adder.

Vanquished Creatures
  A worm (D:2)
  2 dart slugs
  A ball python (D:1)
  3 bats
  5 endoplasms (D:1)
  A giant cockroach (D:1)
  A goblin (D:1)
  2 hobgoblins (D:1)
  3 kobolds (D:1)
  2 frilled lizards (D:1)
  4 rats
25 creatures vanquished.

Vanquished Creatures (others)
  4 foxfires (D:1)
4 creatures vanquished.

Grand Total: 29 creatures vanquished

Notes
Turn   | Place    | Note
-------+----------+-------------------------------------------
     0 | D:1      | ProzacElf the Ghoul Fire Elementalist began the quest for
                  | the Orb.
     0 | D:1      | Reached XP level 1. HP: 14/14 MP: 2/2
   142 | D:1      | Reached XP level 2. HP: 20/20 MP: 3/3
   569 | D:1      | Reached skill level 3 in Stealth
   824 | D:1      | Reached XP level 3. HP: 26/26 MP: 4/4
  1503 | D:2      | Slain by an adder

Illustrated notes

Levels and vault maps discovered:
D:1:      zelgadis_glass_arrival_small, layout_loops_ring, minivault_19,
          minmay_misc_feat_five, roderic_serpentine_path, nrook_mini_vaults
D:2:      layout_basic, kennysheep_potato

Skill      XL: |  1  2 |
---------------+-------+-----
Dodging        | 2 |  2.6
Stealth        | 3 |  3.3
Spellcasting   | |  1.7
Conjurations   | |  0.7
Fire Magic     | |  2.4

Action                   || total
-------------------------++-------
Melee: Spear             ||    75
       Whip              ||    45
Throw: Dart              ||     4
 Cast: Foxfire           ||     4
  Use: Potion            ||     2
 Stab: Sleeping          ||     5
Armor: Robe              ||    29
Dodge: Dodged            ||    64
